 Dungeon Crawl Stone Soup version 0.31.0-32-g396128a36d (webtiles) character file.

Game seed: 8257300064783148376

350 Alphaeus the Ruffian (level 6, -7/87 HPs)
             Began as a Troll Shapeshifter on Mar 19, 2024.
             Mangled by a troll (10 damage)
             ... on level 5 of the Dungeon.
             The game lasted 00:02:35 (2867 turns).

Alphaeus the Ruffian (Troll Shapeshifter)           Turns: 2867, Time: 00:02:36

Health: -7/87      AC: 23    Str: 25    XL:     6   Next: 34%
Magic:  5/5        EV:  1    Int:  6    God:
Gold:   245        SH:  0    Dex:  9    Spells: 5/5 levels left

rFire   . .          .
                       - Unarmed
rCold   . . .        (no shield)
rNeg    . . .        a - melded +0 animal skin
rPois   +            (helmet currently unavailable)
rElec   .            (cloak currently unavailable)
rCorr   .            (gloves unavailable)
SInv    +            (boots unavailable)
Will    .....        (no amulet)
Stlth   +            u - ring of see invisible
HPRegen 1.14/turn    (no ring)
MPRegen 0.09/turn

%: no passive effects
@: tree-form
A: stationary, stasis, torment immunity, boosted hp, large, unfitting armour,
(claws 3), regeneration 1, (shaggy fur 1), (tough skin 1)
a: no special abilities


You were on level 5 of the Dungeon.
You were a tree.
You visited 1 branch of the dungeon, and saw 5 of its levels.

You collected 245 gold pieces.

Inventory:

Armour
 a - a +0 animal skin (melded)
Jewellery
 p - a ring of ice
 u - a ring of see invisible (left branch)
Talismans
 c - a beast talisman
 d - a flux talisman
Wands
 s - a wand of iceblast (7)
Scrolls
 e - 4 scrolls of identify {unknown}
 g - 2 scrolls of brand weapon {unknown}
 j - 3 scrolls of immolation {unknown}
 n - a scroll of teleportation {unknown}
 q - a scroll of fear {unknown}
 t - a scroll of amnesia {unknown}
 v - a scroll of blinking {unknown}
 w - a scroll of revelation {unknown}
Potions
 b - a potion of lignification
 f - a potion of degeneration {unknown}
 h - 4 potions of curing {unknown}
 i - a potion of magic {unknown}
 k - 2 potions of ambrosia {unknown}
 l - a potion of heal wounds {unknown}
 m - 2 potions of invisibility {unknown}
 o - 2 potions of might {unknown}
 r - a potion of brilliance {unknown}


   Skills:
 + Level 2.3 Fighting
 - Level 1.5 Dodging
 * Level 5.1 Unarmed Combat
 * Level 4.7 Shapeshifting


You had 5 spell levels left.
You didn't know any spells.
Your spell library contained the following spells:

 Spells                   Type           Power      Damage    Failure   Level
 Passage of Golubria      Tloc           0%         N/A       99%         4
 Silence                  Hex/Air        0%         N/A       100%        5
 Lehudib's Crystal Spear  Conj/Erth      0%         10d2      100%        8


Dungeon Overview and Level Annotations

Branches:
Dungeon (5/15)
 Temple: D:4-7

Altars:

Shops:
D:2 *


Innate Abilities, Weirdness & Mutations

You are a tree.
Your roots penetrate the ground, keeping you stationary.
You cannot be teleported.
You are immune to unholy pain and torment.
Your maximum health is greatly increased.
Your equipment is partially melded.
You are too large for most types of armour.
((You have claws for hands.))
Your natural rate of healing is unusually fast.
((You are covered in fur. (AC +1)))
((You have tough skin. (AC +1)))


Message History

The iguana hisses menacingly.
The iguana bites you! The troll closely misses you. The troll claws you.
The troll barely misses you.
You closely miss the troll.
The troll is lightly wounded.
The iguana bites you. The troll bites you! The troll claws you.
* * * LOW HITPOINT WARNING * * *
The troll barely misses you.
You are too injured to fight recklessly!
You are too injured to fight recklessly!
You are too injured to fight recklessly!
You are too injured to fight recklessly!
You are too injured to fight recklessly!
You are too injured to fight recklessly!
You are too injured to fight recklessly!
You are too injured to fight recklessly!
You are too injured to fight recklessly!
You are too injured to fight recklessly!
You are too injured to fight recklessly!
You are too injured to fight recklessly!
You are too injured to fight recklessly!
You mangle the troll!!
The troll is heavily wounded.
The iguana barely misses you. The troll closely misses you.
The troll claws you!
* * * LOW HITPOINT WARNING * * *
The troll completely misses you.
Your transformation has ended.
You turn into a tree.
Your +0 animal skin melds into your body.
Your roots penetrate the ground.
The iguana bites you but does no damage.
The troll bites you but does no damage. The troll completely misses you.
The troll claws you but does no damage.
You pummel the troll!!
The troll is almost dead.
The iguana bites you.
* * * LOW HITPOINT WARNING * * *
The troll bites you!
You die...

#.. #.# ... #.# #
#.#.# #.#.####.
####l.......
#...♣T..# #####
#.####..#
#...###.### .#
#.........# #
#...###.#.# ##.##
#..... #.#
#.......
####.####.......#
#.......######.##


You could see a troll and an iguana.

Vanquished Creatures
  A hound (D:4)
  An iguana (D:4)
  3 orc wizards
  8 gnolls
  2 adders
  3 dart slugs
  A ribbon worm (D:3)
  13 orcs
  3 ball pythons
  5 endoplasms
  4 giant cockroaches
  12 goblins
  14 hobgoblins
  5 jackals
  6 quokkas
  2 bats
  7 frilled lizards
  8 kobolds
  5 rats
103 creatures vanquished.

Notes
Turn   | Place    | Note
-------+----------+-------------------------------------------
     0 | D:1      | Alphaeus the Troll Shapeshifter began the quest for the
                  | Orb.
     0 | D:1      | Reached XP level 1. HP: 18/18 MP: 0/0
    40 | D:1      | Reached skill level 1 in Fighting
    84 | D:1      | Reached XP level 2. HP: 27/27 MP: 1/1
   217 | D:1      | Reached XP level 3. HP: 29/33 MP: 2/2
   530 | D:2      | Found Rinnuit's General Store.
   854 | D:2      | Reached XP level 4. HP: 41/41 MP: 3/3
  1184 | D:3      | Reached skill level 4 in Unarmed Combat
  1384 | D:3      | Reached XP level 5. HP: 40/49 MP: 4/4
  2369 | D:4      | Reached XP level 6. HP: 13/57 MP: 5/5
  2449 | D:4      | Reached skill level 5 in Unarmed Combat
  2829 | D:5      | Entered Level 5 of the Dungeon
  2857 | D:5      | Noticed a troll
  2865 | D:5      | HP: 2/58 [troll (11)]
  2867 | D:5      | Mangled by a troll

Illustrated notes

Levels and vault maps discovered:
D:1:      amcnicky_arrival_gap_in_the_tavern_cellar, layout_basic,
          minmay_stone_trees_small, minmay_small_reverse_x
D:2:      layout_loops_ring, serial_shops, nicolae_shop_gibbet_a_chance
D:3:      layout_loops_corners
D:4:      layout_loops_cross, minmay_misc_feat_hallway
D:5:      layout_loops_corners

Skill      XL: |  1  2  3  4  5  6 |
---------------+-------------------+-----
Fighting       | 1 2 |  2.3
Unarmed Combat | 4 5 |  5.1
Shapeshifting  | 4 |  4.7
Dodging        | |  1.5

Action                     |  1- 3 |  4- 6 || total
---------------------------+-------+-------++-------
  Melee: Unarmed           |    91 |   140 ||   231
         Punch             |     1 |     3 ||     4
    Use: Potion            |       |     1 ||     1
   Stab: Sleeping          |     1 |       ||     1
 Armour: Animal skin       |    60 |   110 ||   170
         Skin              |       |     5 ||     5
  Dodge: Dodged            |    51 |    60 ||   111
